 Dungeon Crawl Stone Soup version 0.21-a0-528-gf531e82 (webtiles) character file.

29534 Ghella the Protected (level 13, -23/62 HPs)
             Began as a Vine Stalker Fighter on Dec 9, 2017.
             Was the Champion of Okawaru.
             Killed from afar by a gargoyle (25 damage)
             ... with a stone arrow
             ... in a labyrinth.
             The game lasted 00:35:51 (17596 turns).

Ghella the Protected (Vine Stalker Fighter)        Turns: 17596, Time: 00:35:52

Health: -23/62     AC: 25    Str: 24 (26) XL:     13   Next: 45%
Magic:  0/20       EV:  6    Int:  9 (10) God:    Okawaru [******]
Gold:   1472       SH: 10    Dex: 15      Spells: 18/20 levels left

rFire    + + .     SeeInvis .   y - +2 whip (elec)
rCold    + . .     Gourm    .   Z - +0 shield {rN+}
rNeg     + . .     Faith    +   i - +0 plate armour {rC+}
rPois    +         Spirit   +   C - +1 helmet
rElec    +         Reflect  .   G - +0 cloak {rPois}
rCorr    .         Harm     .   P - +0 pair of gloves "Daotim" {+Blink}
MR       +....     Rnd*Rage +   g - +0 pair of boots
Stlth    ..........             H - amulet of faith
HPRegen  1.00/turn              U - ring "Etsymmet" {rElec rF+ rC+ Str+3}
MPRegen  0.17/turn              E - ring "Seginefe" {Fire rElec Int+2}

@: no status effects
A: fangs 3, iridescent scales 1, berserk 3, deterioration 1, frail 1,
regeneration 2, magic shield, antimagic bite, no potion heal 3, rot immunity,
sturdy frame 1
a: Heroism, Finesse, Renounce Religion, Evoke Blink


You were in a labyrinth.
You worshipped Okawaru.
Okawaru was exalted by your worship.
You were hungry.

You visited 3 branches of the dungeon, and saw 16 of its levels.
You also visited: Labyrinth, Sewer and Ossuary.

You collected 1472 gold pieces.

Inventory:

Hand Weapons
 y - a +2 whip of electrocution (weapon)
 B - a +2 flail of holy wrath
Armour
 g - a +0 pair of boots (worn)
 i - a +0 plate armour of cold resistance (worn)
 C - a +1 helmet (worn)
 G - a +0 cloak of poison resistance (worn)
 K - the +0 pair of gloves "Seoletze" {rN+ Str+2}
   (Okawaru gifted it to you on level 12 of the Dungeon)

   It affects your strength (+2).
   It protects you from negative energy.
 L - a +0 plate armour of poison resistance
 P - the +0 pair of gloves "Daotim" (worn) {+Blink}
   (Okawaru gifted it to you on level 10 of the Dungeon)

   It lets you blink.
 Z - a +0 shield of positive energy (worn)
Jewellery
 z - an uncursed ring of protection from fire
 E - the ring "Seginefe" (right hand) {Fire rElec Int+2}
   (You found it on level 7 of the Dungeon)

   [ring of fire]

   It enhances your fire magic.
   It affects your intelligence (+2).
   It protects you from fire.
   It makes you vulnerable to cold.
   It insulates you from electricity.
 H - an amulet of faith (around neck)
 R - an uncursed amulet of regeneration
 U - the ring "Etsymmet" (left hand) {rElec rF+ rC+ Str+3}
   (You found it on level 11 of the Dungeon)

   [ring of protection from cold]

   It affects your strength (+3).
   It protects you from fire.
   It protects you from cold.
   It insulates you from electricity.
 W - an uncursed ring of protection from magic
Wands
 a - a wand of random effects (21)
 d - a wand of digging (17)
 k - a wand of scattershot (1)
 m - a wand of paralysis (15)
 M - a wand of disintegration (12)
 O - a wand of flame (14)
 V - a wand of polymorph (7)
 X - a wand of clouds (5)
 Y - a wand of enslavement (9)
Scrolls
 l - 6 scrolls of fear
 n - 5 scrolls of enchant armour
 o - 2 scrolls of enchant weapon
 p - 3 scrolls of magic mapping
 q - 2 scrolls of blinking
 r - 5 scrolls of teleportation
 u - 4 scrolls of random uselessness
 x - 3 scrolls of remove curse
 F - 2 scrolls of immolation
 N - 3 scrolls of identify
 Q - 2 scrolls of summoning {unknown}
 T - 2 scrolls of amnesia {unknown}
Potions
 c - a potion of resistance
 e - 8 potions of curing
 j - 4 potions of brilliance
 s - 2 potions of magic
 t - a potion of flight
 w - a potion of invisibility {unknown}
 A - 2 potions of cancellation {unknown}
 D - 2 potions of berserk rage
 J - 2 potions of lignification {unknown}
Books
 I - a book of Debilitation

   Spells                             Type                      Level
   a - Corona                         Hexes                        1
   b - Slow                           Hexes                        2
   c - Inner Flame                    Hexes/Fire                   3
   d - Portal Projectile              Hexes/Translocation          3
   e - Cause Fear                     Hexes                        4
   f - Leda's Liquefaction            Hexes/Earth                  4
 S - a book of Minor Magic

   Spells                             Type                      Level
   a - Magic Dart                     Conjuration                  1
   b - Blink                          Translocation                2
   c - Call Imp                       Summoning                    2
   d - Slow                           Hexes                        2
   e - Conjure Flame                  Conjuration/Fire             3
   f - Mephitic Cloud                 Conjuration/Poison/Air       3
Comestibles
 b - 12 royal jellies
 f - 4 bread rations
 h - 3 meat rations
 v - a fruit


   Skills:
 + Level 8.6 Fighting
 + Level 11.7 Maces & Flails
 * Level 12.7 Armour
 - Level 0.3 Dodging
 - Level 0.1 Stealth
 - Level 3.1 Shields
 - Level 4.3 Spellcasting
 * Level 3.9 Evocations


You had 18 spell levels left.
You knew the following spells:

 Your Spells              Type           Power        Failure   Level  Hunger
a - Slow                  Hex            #.......     100%        2    ###....


Dungeon Overview and Level Annotations

Branches:
Dungeon (14/15)            Temple (1/1) D:5            Lair (1/6) D:11
    Orc (0/2) D:12         Vaults (0/5) D:13

Altars:
Ashenzari
Cheibriados
Dithmenos
Elyvilon
Fedhas
Gozag
Hepliaklqana
Kikubaaqudgha
Makhleb
Nemelex Xobeh
Okawaru
Qazlal
Ru
Sif Muna
Trog
Uskayaw
Vehumet
Wu Jian
Xom
Yredelemnul
Zin
The Shining One

Shops:
D:7 (   D:8 }   D:14 (

Annotations:
D:10 Fannar
D:11 exclusion: ice statue


Innate Abilities, Weirdness & Mutations

You have razor-sharp teeth.
You heal very quickly.
When hurt, damage is shared between your health and your magic reserves.
Your bite disrupts and absorbs the magic of your enemies.
Potions cannot restore your health.
You are immune to rotting.
You are partially covered in iridescent scales. (AC +2)
You have an uncontrollable temper.
Your body sometimes deteriorates upon taking damage.
You are frail. (-10% HP)
Your movements are slightly less encumbered by armour. (ER -2)


Message History

The gargoyle hurls a stone arrow at you.
The stone arrow hits you!
You barely miss the gargoyle.
You bite the gargoyle, but do no damage.
The gargoyle is severely damaged.
You closely miss the gargoyle. Your bite misses the gargoyle.
The gargoyle is severely damaged.
You block the gargoyle's attack.
The gargoyle hits you but does no damage.
Space warps horribly around you!
* * * LOW HITPOINT WARNING * * *
Your body deteriorates!
You feel dopey.
The gargoyle hurls a stone arrow at you.
The stone arrow hits you!
* * * LOW HITPOINT WARNING * * *
The gargoyle hits you with a mace!
* * * LOW HITPOINT WARNING * * *
The gargoyle hurls a stone arrow at you.
The stone arrow hits you!
You die...

## .. ##.# ##
...# .. #
#..#.# #.
#...
#.##.###9####
#.....@.9...#
#########.#.#
..#.#
######.#
#..... .
#.#####.#
#...# ..# #
## #### #
#... ...#


You could see 2 gargoyles.

Vanquished Creatures
  A vault guard (D:13)
  3 hydras
  A centaur warrior (D:13)
  5 two-headed ogres
  An unseen horror (Lab)
  2 unseen horrors (shapeshifter)
  Pikel (D:5)
  6 ugly things
  The ghost of crawlian the Arsonist, a novice DEFE of Sif Muna (D:9)
  A deep elf mage (D:12)
  A manticore (D:12)
  Maurice (D:8)
  3 gargoyles
  A spiny frog (Lair:1)
  A freezing wraith (D:14)
  A yaktaur (D:13)
  3 trolls
  A hornet (D:14)
  A slime creature (D:13)
  4 hippogriffs
  3 shadows
  12 yaks
  A wraith (D:12)
  8 wyverns
  2 hungry ghosts
  2 basilisks (Lab)
  7 vampire mosquitoes
  Grum (D:11)
  A water moccasin (Lair:1)
  An acid dragon (D:10)
  A porcupine (Lair:1)
  Duvessa (D:5)
  6 orc warriors
  A swamp drake (D:11)
  4 sky beasts
  2 black bears
  3 phantoms
  5 ogres
  A slave (D:5)
  A necrophage (D:6)
  6 centaurs
  4 wolves (D:11)
  9 ice beasts
  4 crocodiles
  4 big kobolds
  Blork the orc (D:6)
  3 bullfrogs
  2 wyvern zombies
  Dowan (D:5)
  6 scorpions
  7 killer bees
  3 wights (D:10)
  3 howler monkeys
  6 crimson imps
  2 centaur zombies
  A quasit (D:12)
  A human zombie (Ossuary)
  6 jellies
  A bullfrog skeleton (D:7)
  4 centaur skeletons
  A gnoll shaman (D:7)
  4 orc priests
  12 orc wizards
  4 hounds
  Jessica (D:2)
  7 worker ants
  6 iguanas
  2 big kobold zombies (Ossuary)
  A hound zombie (D:6)
  A hound skeleton (D:5)
  2 mummies (Ossuary)
  17 adders
  11 gnolls
  A river rat (Sewer)
  4 shadow imps
  6 oozes
  An adder zombie (D:5)
  6 worms
  A dart slug (D:3)
  8 leopard geckos
  43 orcs
  2 ball pythons (Sewer)
  7 bats
  11 giant cockroaches
  3 gnoll zombies (Ossuary)
  8 goblins
  8 hobgoblins
  13 jackals
  15 kobolds
  5 quokkas
  2 frilled lizards
  4 goblin zombies (Ossuary)
  2 hobgoblin zombies (Ossuary)
  A leopard gecko skeleton (D:7)
  An orc zombie (Ossuary)
  A quokka skeleton (D:5)
  10 rats
408 creatures vanquished.

Vanquished Creatures (others)
  An orc (D:5)
1 creature vanquished.

Grand Total: 409 creatures vanquished

Notes
Turn   | Place    | Note
-------+----------+-------------------------------------------
     0 | D:1      | Ghella the Vine Stalker Fighter began the quest for the Orb.
     0 | D:1      | Reached XP level 1. HP: 11/11 MP: 2/2
    38 | D:1      | Reached XP level 2. HP: 10/16 MP: 1/3
  1016 | D:2      | Reached XP level 3. HP: 15/20 MP: 2/4
  1069 | D:2      | Noticed Jessica
  1257 | D:2      | Killed Jessica
  1257 | D:2      | Gained mutation: Your natural rate of healing is unusually fast. [Vine Stalker growth]
  1257 | D:2      | Reached XP level 4. HP: 4/24 MP: 3/5
  1536 | D:2      | Reached skill level 3 in Armour
  1715 | D:2      | Reached XP level 5. HP: 13/28 MP: 6/6
  2053 | D:2      | Found a shimmering altar of Xom.
  2053 | D:2      | Found a glowing silver altar of Zin.
  2054 | D:2      | Noticed an angel
  2282 | D:3      | Noticed a sky beast
  2336 | D:3      | Killed a sky beast
  2336 | D:3      | Reached XP level 6. HP: 26/32 MP: 7/7
  2339 | D:3      | Gained mutation: You tend to lose your temper in combat. [mutagenic meat]
  2377 | D:3      | Found a glowing drain.
  2416 | Sewer    | Entered a sewer
  2558 | Sewer    | Reached skill level 4 in Armour
  2665 | Sewer    | Reached XP level 7. HP: 34/37 MP: 8/8
  3033 | D:3      | Found a hide-covered altar of Uskayaw.
  3295 | D:3      | Noticed a moth of wrath
  3298 | D:3      | Found a bloodstained altar of Trog.
  4235 | D:4      | Found a snail-covered altar of Cheibriados.
  4406 | D:5      | Entered Level 5 of the Dungeon
  4666 | D:5      | Noticed Duvessa
  4667 | D:5      | Noticed Dowan
  4686 | D:4      | Reached skill level 5 in Maces & Flails
  4686 | D:4      | Reached skill level 5 in Armour
  4795 | D:5      | Gained mutation: You have razor-sharp teeth. [Vine Stalker growth]
  4795 | D:5      | Reached XP level 8. HP: 41/42 MP: 9/9
  5072 | D:5      | Noticed Pikel
  5111 | D:5      | Killed Pikel
  5111 | D:5      | Reached skill level 6 in Armour
  5194 | D:5      | Killed Duvessa
  5196 | D:5      | Killed Dowan
  5367 | D:5      | Found a basalt altar of Yredelemnul.
  5573 | D:5      | Found a staircase to the Ecumenical Temple.
  5662 | D:5      | Found a white marble altar of Elyvilon.
  5787 | D:5      | Found a burning altar of Makhleb.
  5788 | D:5      | Found an ornate altar of the Wu Jian Council.
  5859 | Temple   | Entered the Ecumenical Temple
  5968 | Temple   | Became a worshipper of Warmaster Okawaru
  6236 | D:6      | Reached XP level 9. HP: 46/46 MP: 10/10
  6309 | D:6      | Noticed Blork the orc
  6319 | D:6      | Killed Blork the orc
  6319 | D:6      | Reached skill level 7 in Armour
  6563 | D:6      | Found a shattered altar of Ashenzari.
  6974 | D:7      | Found Zaggics's Antique Weapon Shop.
  7006 | D:7      | Found a shadowy altar of Dithmenos.
  7038 | D:7      | Reached skill level 5 in Fighting
  7040 | D:7      | Reached * piety under Okawaru
  7082 | D:7      | Found a sand-covered staircase.
  7107 | Ossuary  | Entered an ossuary
  7382 | D:7      | Got an ancient golden ring
  7383 | D:7      | Identified the ring "Seginefe" {Fire rElec Int+2} (You found it on level 7 of the Dungeon)
  7649 | D:7      | Found a sacrificial altar of Ru.
  8144 | D:8      | Reached ** piety under Okawaru
  8249 | D:8      | Gained mutation: Your movements are slightly less encumbered by armour. (ER -2) [mutagenic meat]
  8250 | D:8      | Gained mutation: Your spells are a little harder to cast, but a little more powerful. [mutagenic meat]
  8251 | D:8      | Lost mutation: Your spells are a little harder to cast, but a little more powerful. [mutagenic meat]
  8278 | D:8      | Noticed Maurice
  8297 | D:8      | Killed Maurice
  8297 | D:8      | Reached skill level 8 in Armour
  8297 | D:8      | Reached XP level 10. HP: 52/53 MP: 11/11
  8487 | D:8      | Found Rarr's Gadget Shoppe.
  8639 | D:8      | Found a deep blue altar of Sif Muna.
  9019 | D:9      | Noticed crawlian's ghost (novice DEFE)
  9037 | D:9      | Killed crawlian's ghost
  9037 | D:9      | Reached *** piety under Okawaru
  9110 | D:9      | Noticed a two-headed ogre
  9120 | D:9      | Killed a two-headed ogre
  9120 | D:9      | Reached **** piety under Okawaru
  9188 | D:9      | Noticed a two-headed ogre
  9526 | D:8      | Learned a level 2 spell: Slow
  9926 | D:9      | Reached skill level 1 in Spellcasting
 10004 | D:9      | Found a hazy altar of Hepliaklqana.
 10632 | D:9      | Killed a two-headed ogre
 10632 | D:9      | Reached ***** piety under Okawaru
 10632 | D:9      | Reached skill level 10 in Maces & Flails
 10632 | D:9      | Reached skill level 9 in Armour
 10632 | D:9      | Reached XP level 11. HP: 47/58 MP: 13/15
 10808 | D:10     | Entered Level 10 of the Dungeon
 11082 | D:10     | Noticed a two-headed ogre
 11088 | D:10     | Killed a two-headed ogre
 11211 | D:10     | Paralysed by something for 7 turns
 11549 | D:10     | Noticed a two-headed ogre
 11559 | D:10     | Killed a two-headed ogre
 11559 | D:10     | Received a gift from Okawaru
 11562 | D:10     | Got a pair of distressingly furry gloves {god gift}
 11568 | D:10     | Identified the +0 pair of gloves "Daotim" {+Blink} (Okawaru gifted it to you on level 10 of the Dungeon)
 11581 | D:10     | Noticed Fannar
 12022 | D:11     | Noticed Grum
 12044 | D:11     | Killed Grum
 12335 | D:11     | Found a staircase to the Lair.
 12684 | D:11     | Reached skill level 10 in Armour
 12714 | D:11     | Got a clouded steel ring
 12781 | D:11     | Gained mutation: Armour fits poorly on your strangely shaped body. [mutagenic meat]
 12782 | D:11     | Lost mutation: Armour fits poorly on your strangely shaped body. [mutagenic meat]
 12783 | D:11     | Gained mutation: You occasionally shout uncontrollably at your foes. [mutagenic meat]
 12784 | D:11     | Gained mutation: You often lose your temper in combat. [mutagenic meat]
 12785 | D:11     | Gained mutation: You have an uncontrollable temper. [mutagenic meat]
 12851 | D:11     | Noticed a purple ugly thing
 12857 | D:11     | Killed a purple ugly thing
 13115 | D:11     | HP: 1/58 [ice statue/shard of ice (16)]
 13753 | D:11     | Gained mutation: You heal very quickly. [Vine Stalker growth]
 13753 | D:11     | Reached XP level 12. HP: 63/63 MP: 19/19
 14076 | D:12     | Identified the ring "Etsymmet" {rElec rF+ rC+ Str+3} (You found it on level 11 of the Dungeon)
 14088 | D:12     | Reached ****** piety under Okawaru
 14136 | D:12     | Received a gift from Okawaru
 14141 | D:12     | Got a pair of twisted gloves {god gift}
 14152 | D:12     | Identified the +0 pair of gloves "Seoletze" {rN+ Str+2} (Okawaru gifted it to you on level 12 of the Dungeon)
 14505 | D:12     | Noticed a seven-headed hydra
 14511 | D:12     | Killed a seven-headed hydra
 14534 | D:12     | Found a stormy altar of Qazlal.
 14760 | D:12     | Reached skill level 1 in Evocations
 14867 | D:12     | Found a staircase to the Orcish Mines.
 14999 | D:13     | Reached skill level 11 in Armour
 15028 | D:13     | Noticed a seven-headed hydra
 15036 | D:13     | Killed a seven-headed hydra
 15650 | D:13     | Found an opulent altar of Gozag.
 15651 | D:13     | Noticed a centaur warrior
 15653 | D:13     | Noticed a four-headed hydra
 15662 | D:13     | Killed a four-headed hydra
 15664 | D:13     | Killed a centaur warrior
 15738 | D:13     | Noticed a two-headed ogre
 15744 | D:13     | Killed a two-headed ogre
 16324 | D:13     | Noticed a vault guard
 16349 | D:13     | Killed a vault guard
 16349 | D:13     | Received a gift from Okawaru
 16357 | D:13     | Reached skill level 12 in Armour
 16357 | D:13     | Reached XP level 13. HP: 50/68 MP: 20/20
 16369 | D:13     | Found a gate to the Vaults.
 16575 | D:14     | Found Ustrirgh's Weapon Shop.
 16786 | D:14     | Gained mutation: You are frail. (-10% HP) [mutagenic meat]
 16787 | D:14     | Lost mutation: You occasionally shout uncontrollably at your foes. [mutagenic meat]
 16788 | D:14     | Gained mutation: You are partially covered in iridescent scales. (AC +2) [mutagenic meat]
 16789 | D:14     | Gained mutation: Your body sometimes deteriorates upon taking damage. [mutagenic meat]
 17254 | Lair:1   | Entered Level 1 of the Lair of Beasts
 17334 | Lair:1   | Found a labyrinth entrance.
 17343 | Lab      | Entered a labyrinth
 17595 | Lab      | HP: 1/62 [gargoyle/mace (4)]
 17596 | Lab      | Killed from afar by a gargoyle

Vault maps used:
D:1:      mushboom_english_gardens
D:2:      grunt_temple_overflow_order_and_chaos_1, uniq_jessica
D:3:      lemuel_coloured_pillars_altar, tgw_trog, first_bread,
          gup_sewer_entry_glass
D:4:      kennysheep_little_box
D:5:      kennysheep_ying_yang, gammafunk_temple_overflow_pools,
          minmay_temple_entry_overgrown, st_stairs_12, uniq_duvessa, uniq_pikel
D:6:      basic_altar, uniq_blork_the_orc
D:7:      hangedman_ru_absence, lemuel_doored_altar, serial_shops,
          nicolae_shop_trees, enter_ossuary_3
D:8:      lemuel_blue_sif_altar, serial_shops, shop_coins, uniq_maurice
D:9:      overflow_temple_1_default, hangedman_little_slice_of_home
D:10:     uniq_urug, uniq_psyche, uniq_fannar
D:11:     minmay_ice_pillars, erik_lair_dragon, uniq_grum
D:12:     david_orc_4, basic_altar, grunt_ministairs_10
D:13:     david_vaults_5, nicolae_gozag_seed_capital
D:14:     evilmike_ruin_ashenzari, serial_shops, shop
Temple:   kb_temple_of_zot
Lair:1:   statuecave_lemuel, lab_entry_generic, infiniplex_staircase_pool_2
Lab:      nicolae_lab_dead_adventurers, nicolae_lab_arrow, nicolae_lab_t_cross,
          lab_block, lab_statue, nicolae_lab_do_over, nicolae_lab_grate,
          nicolae_lab_hexagon, lab_hedge, labyrinth_baited_teleportation_trap,
          labyrinth_lava_lair
Sewer:    sewer_co_15_rooms
Ossuary:  minmay_ossuary_gauntlet

Skill      XL: |  1  2  3  4  5  6  7  8  9 10 11 12 13 |
---------------+----------------------------------------+-----
Maces & Flails | 2 3 4 5 6 8 10 11 | 11.7
Fighting       | 3 4 5 7 8 |  8.6
Armour         | 3 4 5 6 8 9 10 12 | 12.7
Shields        | 3 |  3.1
Spellcasting   | 2 4 |  4.3
Evocations     | 2 3 |  3.9
Dodging        | |  0.3
Stealth        | |  0.1

Action                   |  1- 3 |  4- 6 |  7- 9 | 10-12 | 13-15 || total
-------------------------+-------+-------+-------+-------+-------++-------
Melee: Flail             |    77 |   203 |   190 |       |       ||   470
       Bite              |    12 |    43 |   134 |   260 |   107 ||   556
       Whip              |       |       |   252 |   668 |   220 ||  1140
Evoke: Wand              |       |       |     5 |     1 |       ||     6
  Use: Scroll            |     3 |       |     5 |    12 |     1 ||    21
       Potion            |     1 |     3 |     2 |     5 |       ||    11
  Eat: Chunk             |       |     7 |    14 |    21 |    12 ||    54
       Fruit             |       |       |     3 |       |       ||     3
       Meat ration       |       |       |     1 |     1 |       ||     2
       Royal jelly       |       |       |     1 |     1 |       ||     2
       Bread ration      |       |       |       |     1 |       ||     1
Armor: Scale mail        |    38 |    74 |    81 |       |       ||   193
       Ring mail         |       |       |    62 |    38 |       ||   100
       Plate armour      |       |       |       |   331 |    88 ||   419
Dodge: Dodged            |    27 |    52 |   128 |   102 |    34 ||   343
Block: Shield            |    47 |   107 |   216 |   281 |    50 ||   701

Table legend:
 A = Spawn XP
 B = Non-spawn XP
 C = Spawn XP percentage of total XP
 D = Spawn monster count
 E = Non-spawn monster count
 F = Spawn count percentage of total count
 G = Total turns spent on level
                    A         B        C        D         E        F      G
               +---------+---------+-------+---------+---------+-------+---------
         Total |       0 |   42192 |   0.0 |       0 |     407 |   0.0 | 17596
               +---------+---------+-------+---------+---------+-------+---------
           D:1 |       0 |      30 |   0.0 |       0 |      16 |   0.0 |   994
           D:2 |       0 |     187 |   0.0 |       0 |      31 |   0.0 |  1192
           D:3 |       0 |     222 |   0.0 |       0 |      35 |   0.0 |  1446
           D:4 |       0 |     257 |   0.0 |       0 |       8 |   0.0 |   663
           D:5 |       0 |    1180 |   0.0 |       0 |      25 |   0.0 |  1253
           D:6 |       0 |     664 |   0.0 |       0 |      19 |   0.0 |   912
           D:7 |       0 |     877 |   0.0 |       0 |      22 |   0.0 |  1002
           D:8 |       0 |    1543 |   0.0 |       0 |      13 |   0.0 |  1228
           D:9 |       0 |    4600 |   0.0 |       0 |      38 |   0.0 |  1445
          D:10 |       0 |    3112 |   0.0 |       0 |      23 |   0.0 |   782
          D:11 |       0 |    5350 |   0.0 |       0 |      44 |   0.0 |  2390
          D:12 |       0 |    4246 |   0.0 |       0 |      35 |   0.0 |  1056
          D:13 |       0 |    9627 |   0.0 |       0 |      31 |   0.0 |  1542
          D:14 |       0 |    6061 |   0.0 |       0 |      21 |   0.0 |   676
        Lair:1 |       0 |    1831 |   0.0 |       0 |       9 |   0.0 |    89
           Lab |       0 |    1946 |   0.0 |       0 |       5 |   0.0 |   253
         Sewer |       0 |     267 |   0.0 |       0 |      16 |   0.0 |   358
       Ossuary |       0 |     192 |   0.0 |       0 |      16 |   0.0 |   175
               +---------+---------+-------+---------+---------+-------+---------
